 Dungeon Crawl Stone Soup version 0.24.0-123-gd5b16e6ec5 (webtiles) character file.

Game seed: 17213400948220851000, levelgen mode: deterministic

5426 Elellon the Cleaver (level 10, -1/87 (88) HPs)
             Began as a Hill Orc Fighter on Jan 11, 2020.
             Slain by an orc warrior
             ... wielding a +1 battleaxe of flaming
              (2 damage)
             ... on level 11 of the Dungeon.
             The game lasted 00:20:59 (8495 turns).

Elellon the Cleaver (Hill Orc Fighter)              Turns: 8495, Time: 00:21:00

HP:   -1/87 (88)    AC: 17    Str: 28    XL:     10   Next: 67%
MP:   10/10         EV:  6    Int:  8    God:
Gold: 353           SH: 11    Dex: 10    Spells: 9/9 levels left

rFire    . . .     SeeInvis .   a - +5 flail (crush)
rCold    . . .     Gourm    .   c - +0 shield
rNeg     . . .     Faith    .   I - +0 plate armour
rPois    .         Spirit   .   (no helmet)
rElec    .         Reflect  .   (no cloak)
rCorr    +         Harm     .   B - +1 pair of gloves
MR       .....                  e - +0 pair of boots
Stlth    ..........             (no amulet)
HPRegen  0.24/turn              y - ring of resist corrosion
MPRegen  0.12/turn              (no ring)

@: mighty
A: no striking features
a: no special abilities


You were on level 11 of the Dungeon.
You were not hungry.

You visited 2 branches of the dungeon, and saw 10 of its levels.

You collected 458 gold pieces.
You spent 105 gold pieces at shops.

Inventory:

Hand Weapons
 a - a +5 flail of crushing (weapon)
 b - a +3 hunting sling of velocity
Missiles
 q - 94 sling bullets
Armour
 c - a +0 shield (worn)
 e - a +0 pair of boots (worn)
 B - a +1 pair of gloves (worn)
 I - a +0 plate armour (worn)
Jewellery
 y - a ring of resist corrosion (left hand)
Wands
 g - a wand of flame (2)
 p - a wand of disintegration (12)
 C - a wand of iceblast (8)
 E - a wand of paralysis (10)
Scrolls
 i - 2 scrolls of remove curse
 k - 3 scrolls of fear {unknown}
 l - 2 scrolls of amnesia {unknown}
 n - 2 scrolls of immolation {unknown}
 s - 9 scrolls of identify
 t - 4 scrolls of enchant armour {unknown}
 A - 2 scrolls of teleportation {unknown}
 D - 2 scrolls of magic mapping
 F - a scroll of brand weapon {unknown}
 H - 2 scrolls of enchant weapon {unknown}
Potions
 d - 2 potions of might
 h - 5 potions of degeneration {unknown}
 j - a potion of flight {unknown}
 m - a potion of cancellation {unknown}
 o - 5 potions of agility {unknown}
 r - 6 potions of curing {unknown}
 u - a potion of lignification {unknown}
 w - 2 potions of brilliance {unknown}
 x - 3 potions of heal wounds {unknown}
 z - a potion of mutation {unknown}
Comestibles
 f - 14 rations
 v - 2 chunks of flesh


   Skills:
 + Level 8.2 Fighting
   Level 11.2(12.5) Axes
 * Level 8.2(10.1) Maces & Flails
 + Level 7.5 Armour
 + Level 7.5 Shields


You had 9 spell levels left.
You didn't know any spells.
Your spell library contained the following spells:

 Spells                   Type           Power        Failure   Level  Hunger
 Sandblast                Erth           #.....       100%        1    ##.....
 Passwall                 Tmut/Erth      #.......     100%        2    ###....
 Stone Arrow              Conj/Erth      #.....       100%        3    ####...
 Petrify                  Tmut/Erth      #.......     100%        4    #####..
 Lee's Rapid Deconstruct  Erth           #.........   100%        5    ######.


Dungeon Overview and Level Annotations

Branches:
Dungeon (8/15)             Temple (1/1) D:7            Lair (0/6) D:8

Altars:
Ashenzari
Cheibriados
Dithmenos
Elyvilon
Fedhas
Kikubaaqudgha
Makhleb
Nemelex Xobeh
Ru
Sif Muna
Trog
Uskayaw
Wu Jian
Xom
Yredelemnul
Zin
The Shining One

Shops:
D:5 ?


Message History

The orc warrior hits you with a +1 battleaxe of flaming!
* * * LOW HITPOINT WARNING * * *
The orc warrior burns you.
* * * LOW HITPOINT WARNING * * *
The hobgoblin hits you but does no damage.
You closely miss the orc warrior.
The orc warrior is heavily wounded.
You block the goblin's attack.
The orc warrior hits you with a +1 battleaxe of flaming.
* * * LOW HITPOINT WARNING * * *
The orc warrior burns you.
* * * LOW HITPOINT WARNING * * *
You closely miss the orc warrior.
The orc warrior is heavily wounded.
You hit the orc warrior.
The orc warrior is heavily wounded.
The orc warrior hits you with a +1 battleaxe of flaming!
* * * LOW HITPOINT WARNING * * *
The orc warrior burns you.
You die...

.!.........####....####
...........# #....#
To....)....# #....#
.....u)....# #....####
.....o)....# #........
.......##..# #........
......o##..# #รท.......
.......g...# #....####
.........o(# #@g.>#
.....##.u..####(o..#
.....##....(..)g...#
................##
.................#
...(.....(.#####.#
...........# ...
#..........# ...
#..........# ..


You could see an orc warrior, a hobgoblin and a goblin.

Vanquished Creatures
  An ugly thing (D:11)
  2 slime creatures (D:6)
  A yak (D:8)
  A warg (D:11)
  A water moccasin (D:7)
  Edmund (D:5)
  3 porcupines (D:8)
  An orc warrior (D:7)
  2 phantoms
  A black bear (D:11)
  5 ogres
  6 necrophages (D:8)
  A centaur (D:11)
  A crocodile (D:8)
  9 bullfrogs
  3 scorpions
  A water moccasin skeleton (D:4)
  6 wights (D:8)
  A howler monkey (D:11)
  5 crimson imps
  A quasit (D:7)
  4 hounds
  6 jellies
  4 orc priests
  4 orc wizards
  Ijyb (D:5)
  Natasha (thrice) (D:2)
  An iguana (D:4)
  6 worker ants
  3 mummies (D:8)
  2 howler monkey zombies (D:8)
  A worker ant zombie (D:8)
  Robin (D:2)
  11 adders
  5 shadow imps
  10 oozes
  3 adder skeletons
  2 adder zombies
  3 worms
  2 dart slugs (D:1)
  3 leopard geckos
  24 orcs
  3 giant cockroaches
  12 hobgoblins
  7 jackals
  7 quokkas
  2 ball pythons
  7 bats
  4 frilled lizards
  15 goblins
  A jackal skeleton (D:6)
  17 kobolds
  A leopard gecko skeleton (D:6)
  2 quokka zombies (D:8)
  9 rats
239 creatures vanquished.

Vanquished Creatures (others)
  8 fungi (D:6)
  8 toadstools (D:6)
16 creatures vanquished.

Grand Total: 255 creatures vanquished

Notes
Turn   | Place    | Note
-------+----------+-------------------------------------------
     0 | D:1      | Elellon the Hill Orc Fighter began the quest for the Orb.
     0 | D:1      | Reached XP level 1. HP: 19/19 MP: 1/1
    54 | D:1      | Reached skill level 3 in Axes
   124 | D:1      | Reached XP level 2. HP: 26/26 MP: 2/2
   160 | D:1      | Reached skill level 4 in Axes
   481 | D:1      | Reached XP level 3. HP: 31/31 MP: 3/3
   878 | D:2      | Reached skill level 5 in Axes
  1027 | D:2      | Reached XP level 4. HP: 38/39 MP: 4/4
  1050 | D:2      | Found a glowing silver altar of Zin.
  1096 | D:2      | Noticed Robin
  1127 | D:2      | Killed Robin
  1127 | D:2      | Reached skill level 6 in Axes
  1364 | D:2      | Noticed Natasha
  1369 | D:2      | Killed Natasha
  1604 | D:2      | Noticed Natasha
  1607 | D:2      | Killed Natasha
  1607 | D:2      | Reached XP level 5. HP: 41/45 MP: 5/5
  1645 | D:2      | Reached skill level 7 in Axes
  1741 | D:2      | Found a glowing silver altar of Zin.
  1891 | D:2      | Noticed Natasha
  1907 | D:2      | Killed Natasha
  2259 | D:2      | Found a glowing silver altar of Zin.
  2880 | D:3      | Found a shattered altar of Ashenzari.
  3448 | D:4      | Noticed a phantom
  3461 | D:4      | Killed a phantom
  3461 | D:4      | Reached skill level 8 in Axes
  3461 | D:4      | Reached XP level 6. HP: 51/51 MP: 6/6
  3845 | D:4      | Reached skill level 9 in Axes
  3973 | D:4      | Reached XP level 7. HP: 45/59 MP: 7/7
  4716 | D:5      | Entered Level 5 of the Dungeon
  4735 | D:5      | Noticed Ijyb
  4745 | D:5      | Reached skill level 10 in Axes
  4745 | D:5      | Reached XP level 8. HP: 50/67 MP: 8/8
  4760 | D:5      | Killed Ijyb
  4912 | D:5      | Reached skill level 5 in Fighting
  4929 | D:5      | Noticed Edmund
  4942 | D:5      | Killed Edmund
  5032 | D:5      | Reached skill level 1 in Maces & Flails
  5082 | D:5      | Found Giatoxeo's Magic Scroll Boutique.
  5102 | D:5      | Bought a scroll of magic mapping for 49 gold pieces
  5102 | D:5      | Bought a scroll of identify for 28 gold pieces
  5102 | D:5      | Bought a scroll of identify for 28 gold pieces
  5173 | D:5      | Reached skill level 5 in Armour
  5523 | D:6      | Reached skill level 5 in Shields
  5703 | D:6      | Found a shimmering blue altar of Sif Muna.
  5868 | D:6      | Found a burning altar of Makhleb.
  5891 | D:6      | Found a shadowy altar of Dithmenos.
  6091 | D:6      | Reached XP level 9. HP: 75/75 MP: 9/9
  6413 | D:6      | Reached skill level 11 in Axes
  6940 | D:7      | Reached skill level 5 in Maces & Flails
  7147 | D:7      | Found a staircase to the Ecumenical Temple.
  7201 | D:7      | Found a white marble altar of Elyvilon.
  7359 | Temple   | Entered the Ecumenical Temple
  7664 | D:8      | Found a bloodstained altar of Trog.
  7694 | D:8      | Found a bloodstained altar of Trog.
  7792 | D:8      | Reached XP level 10. HP: 66/86 MP: 10/10
  7939 | D:8      | Found a staircase to the Lair.
  8188 | D:8      | Found a hide-covered altar of Uskayaw.
  8370 | D:8      | You fall into a shaft and drop 3 floors!
  8459 | D:11     | Noticed a red ugly thing
  8487 | D:11     | Killed a red ugly thing
  8495 | D:11     | HP: 1/87 [orc warrior/+1 battleaxe of flaming (7)]
  8495 | D:11     | Slain by an orc warrior

Levels and vault maps discovered:
D:1:      minmay_arrival_hallway, layout_basic
D:2:      layout_basic, lemuel_doored_altar, uniq_natasha, uniq_robin
D:3:      layout_loops_corners, nicolae_ashenzari_panopticon
D:4:      layout_loops_corners
D:5:      layout_loops_ring, first_ration, serial_shops,
          nicolae_shop_window_shopping, uniq_ijyb, uniq_edmund
D:6:      cheibrodos_fertilizer, layout_loops_ring, makhleb_heckhound_becter,
          overflow_temple_1_default, nicolae_dithmenos_through_a_glass_darkly,
          chequers_serial_rivers_micro_a
D:7:      layout_loops_cross, kennysheep_mini_moat, minmay_temple_entry_ruins
D:8:      layout_cave_pools, eat_drink_and_be_merry_uskayaw,
          kennysheep_little_box, due_lair_maze_entry_diamond, serial_undead,
          serial_undead_a, serial_undead_e, serial_undead_a, serial_undead_d,
          serial_undead_c, serial_undead_e, serial_undead_d, serial_undead_d,
          basic_altar, chequers_serial_rivers_micro_c
D:11:     layout_irregular_city, erik_orc_4, gauntlet_entry_generic,
          ebering_ghost_inner_flame, serial_shops, shop, minivault_16
Temple:   eino_temple_lava

Skill      XL: |  1  2  3  4  5  6  7  8  9 10 |
---------------+-------------------------------+-----
Axes           | 3 4 5 6 8 9 10 11 | 11.2
Fighting       | 4 5 7 8 |  8.2
Armour         | 4 5 6 7 |  7.5
Shields        | 4 5 6 7 |  7.5
Maces & Flails | 3 6 8 |  8.2

Action                   |  1- 3 |  4- 6 |  7- 9 | 10-12 || total
-------------------------+-------+-------+-------+-------++-------
Melee: War axe           |   130 |   201 |    65 |       ||   396
       Flail             |       |       |   243 |   156 ||   399
 Fire: Hunting sling     |       |    13 |    34 |       ||    47
  Use: Scroll            |       |     4 |       |       ||     4
       Potion            |       |       |       |     1 ||     1
  Eat: Chunk             |     1 |     9 |     9 |     3 ||    22
       Ration            |       |       |     1 |       ||     1
Armor: Scale mail        |    11 |       |       |       ||    11
       Chain mail        |    67 |    94 |    79 |       ||   240
       Plate armour      |       |       |    33 |    82 ||   115
Dodge: Dodged            |    36 |    35 |    59 |    24 ||   154
Block: Shield            |    73 |    92 |    98 |    93 ||   356
